 Dungeon Crawl Stone Soup version 0.24-a0-537-g2d01d4ab0a (webtiles) character file.

Game seed: 6249831737754337375

8668 LabCoat the Severer (level 11, -15/94 HPs)
             Began as a Hill Orc Fighter on Aug 15, 2019.
             Was an Elder of Trog.
             Demolished by a cyclops (16 damage)
             ... while paralysed
             ... on level 10 of the Dungeon.
             The game lasted 00:50:46 (10789 turns).

LabCoat the Severer (Hill Orc Fighter)             Turns: 10789, Time: 00:50:46

Health: -15/94     AC: 17    Str: 27    XL:     11   Next: 34%
Magic:  11/11      EV:  2    Int:  8    God:    Trog [****..]
Gold:   373        SH:  0    Dex: 11    Spells: 10/10 levels left

rFire    . . .     SeeInvis .   a - +0 war axe
rCold    . . .     Gourm    .   c - +1 shield
rNeg     + . .     Faith    .   j - +0 plate armour
rPois    .         Spirit   .   L - +0 helmet
rElec    .         Reflect  .   B - scarf {repulsion}
rCorr    .         Harm     .   k - +0 pair of gloves
MR       .....                  D - +0 pair of boots
Stlth    ..........             N - amulet of the acrobat
HPRegen  0.25/turn              r - +5 ring of strength
MPRegen  0.12/turn              y - ring of positive energy

@: paralysed, berserk cooldown, fainting, repel missiles
A: no striking features
a: Berserk, Trog's Hand, Brothers in Arms, Renounce Religion


You were on level 10 of the Dungeon.
You worshipped Trog.
Trog was greatly pleased with you.
You were fainting.

You visited 1 branch of the dungeon, and saw 11 of its levels.
You also visited: Sewer.

You collected 471 gold pieces.
You spent 98 gold pieces at shops.

Inventory:

Hand Weapons
 a - a +0 war axe (weapon)
 n - a +1 whip of draining
 o - a +0 flail
 R - a +1 morningstar of protection
Missiles
 i - 52 poisoned darts (quivered)
 u - 6 boomerangs
Armour
 c - a +1 shield (worn)
 j - a +0 plate armour (worn)
 k - a +0 pair of gloves (worn)
 l - a +0 cloak
 B - a scarf of repulsion (worn)
 D - a +0 pair of boots (worn)
 L - a +0 helmet (worn)
Jewellery
 m - an uncursed amulet of harm
 r - a +5 ring of strength (left hand)
 t - an uncursed ring of stealth
 y - a ring of positive energy (right hand)
 N - an amulet of the acrobat (around neck)
Wands
 p - a wand of random effects (18)
 O - a wand of acid (6)
Scrolls
 v - 2 scrolls of vulnerability {unknown}
 w - 2 scrolls of teleportation
 x - 2 scrolls of random uselessness {unknown}
 z - 2 scrolls of enchant weapon
 A - a scroll of fear
 E - 3 scrolls of remove curse
 F - a scroll of amnesia {unknown}
 I - a scroll of torment {unknown}
 K - a scroll of summoning {unknown}
 M - a scroll of noise {unknown}
 P - a scroll of silence {unknown}
 Q - a scroll of brand weapon {unknown}
Potions
 d - 3 potions of might
 e - 5 potions of heal wounds
 f - a potion of lignification {unknown}
 g - a potion of magic {unknown}
 h - a potion of mutation {unknown}
 q - 4 potions of agility {unknown}
 s - a potion of cancellation {unknown}
 C - 3 potions of flight {unknown}
 G - a potion of curing
 H - a potion of brilliance {unknown}
 J - a potion of haste {unknown}
Comestibles
 b - 14 rations
 S - 11 chunks of flesh


   Skills:
 + Level 8.1 Fighting
 * Level 15.7 Axes
 + Level 5.0 Throwing
 + Level 7.1 Armour
 + Level 7.6 Shields


You had 10 spell levels left.
You didn't know any spells.
Your spell library contained the following spells:

 Spells                   Type           Power        Failure   Level  Hunger
 Beastly Appendage        Tmut           #.....       100%        1    ##.....
 Confusing Touch          Hex            #.....       100%        1    ##.....
 Corona                   Hex            #......      100%        1    ##.....
 Flame Tongue             Conj/Fire      #....        100%        1    ##.....
 Sting                    Conj/Pois      #...         100%        1    ##.....
 Poisonous Vapours        Pois/Air       #.....       100%        2    ###....
 Slow                     Hex            #.......     100%        2    ###....
 Sticks to Snakes         Tmut           #.......     100%        2    ###....
 Throw Flame              Conj/Fire      #.....       100%        2    ###....
 Confuse                  Hex            #.......     100%        3    ####...
 Conjure Flame            Conj/Fire      #.......     100%        3    ####...
 Gell's Gravitas          Tloc           #.........   100%        3    ####...
 Inner Flame              Hex/Fire       #.......     100%        3    ####...
 Mephitic Cloud           Conj/Pois/Air  #.......     100%        3    ####...
 Portal Projectile        Hex/Tloc       #.....       100%        3    ####...
 Spider Form              Tmut/Pois      #.........   100%        3    ####...
 Cause Fear               Hex            #.........   100%        4    #####..
 Ice Form                 Ice/Tmut       #.......     100%        4    #####..
 Leda's Liquefaction      Hex/Erth       #.........   100%        4    #####..
 Olgreb's Toxic Radiance  Pois           #.......     100%        4    #####..
 Petrify                  Tmut/Erth      #.......     100%        4    #####..
 Sticky Flame             Conj/Fire      #.......     100%        4    #####..
 Blade Hands              Tmut           #.........   100%        5    ######.
 Fireball                 Conj/Fire      #.........   100%        5    ######.
 Metabolic Englaciation   Hex/Ice        #.........   100%        5    ######.
 Venom Bolt               Conj/Pois      #.........   100%        5    ######.
 Yara's Violent Unravell  Hex/Tmut       #.........   100%        5    ######.


Dungeon Overview and Level Annotations

Branches:
Dungeon (11/15)            Temple (0/1) D:5
   Lair: D:8-11         Orc: D:9-12

Altars:
Fedhas
Makhleb
Okawaru
Trog
Uskayaw
Yredelemnul

Shops:
D:5 :   D:7 [   D:8 *[

Annotations:
D:5 2 transporters, Gall2222's ghost, novice HOMo
D:9 3 runed translucent doors, feta's ghost, novice GnGl


Message History

You hit the cyclops but do no damage. You block the hungry ghost's attack.
You closely miss the hungry ghost.
The hungry ghost is moderately damaged.
You hit the cyclops.
You lose consciousness!
The hungry ghost hits you.
You feel slightly more hungry. The cyclops hits you!!
* * * LOW HITPOINT WARNING * * *
The hungry ghost hits you.
You feel slightly more hungry. The cyclops hits you!!
* * * LOW HITPOINT WARNING * * *
You feel yourself speed up. The hungry ghost hits you.
You feel slightly more hungry. The cyclops hits you.
* * * LOW HITPOINT WARNING * * *
The hungry ghost hits you.
You feel slightly more hungry. The hungry ghost hits you.
* * * LOW HITPOINT WARNING * * *
You feel slightly more hungry. The cyclops hits you!
You die...

..............#.....#......'.....
..............#.....#......#.....
###...........#######......######
..#..............................
..#..............................
..#.........#######..............
..#.........#.....'..............
..#.........#...[C#..............
..#.........#..)@W#.########+##..
..#..######.#######.#.........#..
..#..#....#.........#.........#..
..#..#....#.........#.........#..
###..#....'.........#.........#..
.....######.........#'#########..
.................................
.....................########....
..................#### #####


You could see a cyclops and a hungry ghost.

Vanquished Creatures
  Gastronok (D:9)
  A two-headed ogre (D:11)
  Joseph (D:7)
  A hornet (D:8)
  A hippogriff (D:9)
  A spriggan (D:10)
  A wraith (D:10)
  10 yaks
  A wyvern (D:10)
  A water moccasin (D:6)
  An orc warrior (D:10)
  A hornet zombie (D:10)
  4 ice beasts
  2 black bears
  A sky beast (D:5)
  A phantom (D:6)
  2 ogres
  2 centaurs
  A big kobold (D:10)
  3 bullfrogs
  A wyvern skeleton (D:9)
  5 killer bees (D:10)
  6 wights (D:10)
  A howler monkey (D:5)
  3 crimson imps
  2 bullfrog zombies
  2 jellies (D:6)
  10 orc priests
  4 hounds
  Crazy Yiuf (D:2)
  14 orc wizards
  A bullfrog skeleton (D:6)
  5 iguanas
  6 worker ants
  A hound zombie (D:7)
  2 hound skeletons
  A worker ant zombie (D:11)
  Robin (D:2)
  10 adders
  4 gnolls
  A river rat (D:5)
  A shadow imp (D:9)
  3 oozes
  2 worms
  2 dart slugs
  5 leopard geckos
  23 orcs
  8 giant cockroaches
  19 goblins
  10 hobgoblins
  6 jackals
  3 quokkas
  2 ball pythons (Sewer)
  A ball python skeleton (D:5)
  8 bats
  4 frilled lizards
  22 kobolds
  9 rats
246 creatures vanquished.

Notes
Turn   | Place    | Note
-------+----------+-------------------------------------------
     0 | D:1      | LabCoat the Hill Orc Fighter began the quest for the Orb.
     0 | D:1      | Reached XP level 1. HP: 19/19 MP: 1/1
    86 | D:1      | Reached skill level 3 in Axes
    86 | D:1      | Reached XP level 2. HP: 15/27 MP: 2/2
   458 | D:1      | Reached XP level 3. HP: 29/33 MP: 3/3
  1050 | D:1      | Reached skill level 4 in Axes
  1296 | D:2      | Found a basalt altar of Yredelemnul.
  1497 | D:2      | Noticed Robin
  1524 | D:1      | Reached XP level 4. HP: 28/40 MP: 4/4
  1622 | D:2      | Killed Robin
  1917 | D:2      | Found an iron altar of Okawaru.
  2232 | D:2      | Found a runed translucent door.
  2233 | D:2      | Noticed Crazy Yiuf
  2289 | D:2      | Killed Crazy Yiuf
  2289 | D:2      | Reached skill level 5 in Axes
  2289 | D:2      | Reached XP level 5. HP: 30/46 MP: 5/5
  2548 | D:3      | HP: 2/46 [orc wizard/magic dart (3)]
  2861 | D:3      | Found a bloodstained altar of Trog.
  2867 | D:3      | Became a worshipper of Trog the Wrathful
  3004 | D:3      | Reached skill level 6 in Axes
  3011 | D:3      | Reached XP level 6. HP: 46/52 MP: 6/6
  3322 | D:3      | Reached skill level 7 in Axes
  3678 | D:4      | Reached * piety under Trog
  3797 | D:4      | Reached XP level 7. HP: 44/60 MP: 7/7
  4071 | D:4      | Reached skill level 8 in Axes
  4478 | D:5      | Entered Level 5 of the Dungeon
  4524 | D:5      | Reached skill level 1 in Throwing
  4524 | D:5      | Reached skill level 5 in Shields
  4548 | D:5      | Found a transporter.
  4548 | D:5      | Noticed Gall2222's ghost (novice HOMo)
  4549 | D:5      | Found a transporter.
  4558 | D:5      | Found a hide-covered altar of Uskayaw.
  4661 | D:5      | Found a burning altar of Makhleb.
  4870 | D:5      | Found a glowing drain.
  4874 | Sewer    | Entered a sewer
  4999 | Sewer    | Reached ** piety under Trog
  5043 | Sewer    | Reached XP level 8. HP: 67/67 MP: 8/8
  5117 | Sewer    | Reached skill level 9 in Axes
  5241 | D:5      | Found Imuff's Book Shop.
  5418 | D:5      | Found a staircase to the Ecumenical Temple.
  5541 | D:5      | Reached skill level 5 in Fighting
  5991 | D:6      | Reached skill level 10 in Axes
  5991 | D:6      | Reached skill level 5 in Armour
  6806 | D:7      | Reached skill level 11 in Axes
  6909 | D:7      | Reached XP level 9. HP: 74/74 MP: 9/9
  7255 | D:7      | Found Duerog's Armour Emporium.
  7273 | D:7      | Found a blossoming altar of Fedhas.
  7330 | D:7      | Noticed Joseph
  7356 | D:7      | Killed Joseph
  7729 | D:8      | Found Asynn's General Store.
  7738 | D:8      | Reached skill level 12 in Axes
  7755 | D:8      | Bought a scroll of identify for 28 gold pieces
  7755 | D:8      | Bought a potion of heal wounds for 70 gold pieces
  7774 | D:8      | Found Rownar's Antique Armour Emporium.
  7805 | D:8      | Reached *** piety under Trog
  7971 | D:8      | Noticed a hornet
  7978 | D:8      | Killed a hornet
  8598 | D:9      | Noticed Gastronok
  8627 | D:9      | Killed Gastronok
  8627 | D:9      | Reached skill level 14 in Axes
  8627 | D:9      | Reached XP level 10. HP: 86/86 MP: 10/10
  8799 | D:9      | Found a runed translucent gate.
  8799 | D:9      | Found a runed translucent gate.
  8800 | D:9      | Found a runed translucent gate.
  8804 | D:9      | Noticed feta's ghost (novice GnGl)
  9179 | D:10     | Entered Level 10 of the Dungeon
  9675 | D:10     | Reached skill level 5 in Throwing
  9793 | D:10     | Reached XP level 11. HP: 89/93 MP: 11/11
  9859 | D:10     | Reached **** piety under Trog
  9870 | D:10     | Reached skill level 15 in Axes
 10749 | D:11     | Noticed a two-headed ogre
 10758 | D:11     | Killed a two-headed ogre
 10768 | D:11     | Noticed a cyclops
 10785 | D:10     | Paralysed by fainting for 7 turns
 10786 | D:10     | HP: 3/94 [cyclops (22)]
 10789 | D:10     | HP: 1/94 [hungry ghost (1)]
 10789 | D:10     | Demolished by a cyclops

Levels and vault maps discovered:
D:1:      evilmike_arrival_plus, layout_basic, st_stairs_6
D:2:      layout_basic, yredelemnul_altar_generic, okawaru_gym_becter,
          uniq_robin, uniq_crazy_yiuf_cottage
D:3:      layout_basic, lemuel_round_altar, minmay_fractal_squares_gapless_5
D:4:      layout_rooms, first_ration
D:5:      layout_basic, lemuel_round_altar, eat_drink_and_be_merry_uskayaw,
          minmay_temple_entry_antechambers, gammafunk_ghost_smash, serial_shops,
          shop, gup_sewer_entry_spiral
D:6:      layout_cave_pools, kennysheep_generic_room_13
D:7:      layout_rooms, serial_shops, nicolae_shop_trees, fedhas_altar_1,
          uniq_joseph
D:8:      layout_basic, serial_shops, kennysheep_mini_moat,
          nicolae_shop_behind_doors, shop
D:9:      layout_basic, gammafunk_ghost_spectres, uniq_gastronok
D:10:     layout_irregular_city, the_bakery
D:11:     layout_basic, lair_entry_dummy, basic_altar, ebering_ghost_inner_flame

Skill      XL: |  1  2  3  4  5  6  7  8  9 10 11 |
---------------+----------------------------------+-----
Axes           | 3 4 5 6 7 8 11 14 15 | 15.7
Fighting       | 4 5 7 8 |  8.1
Armour         | 4 5 6 7 |  7.1
Shields        | 4 5 6 7 |  7.6
Throwing       | 1 2 4 5 |  5.0

Action                   |  1- 3 |  4- 6 |  7- 9 | 10-12 || total
-------------------------+-------+-------+-------+-------++-------
Melee: War axe           |   141 |   184 |   396 |   214 ||   935
Throw: Dart              |       |    12 |    87 |    30 ||   129
Invok: Berserk           |       |       |     6 |     2 ||     8
  Use: Scroll            |     1 |     4 |    10 |     1 ||    16
       Potion            |       |     3 |       |     1 ||     4
  Eat: Chunk             |     1 |     5 |     7 |     5 ||    18
       Ration            |     1 |       |     4 |     1 ||     6
Armor: Scale mail        |    62 |    44 |       |       ||   106
       Plate armour      |       |    62 |   220 |    66 ||   348
       Chain mail        |       |     1 |       |       ||     1
Dodge: Dodged            |    38 |    30 |    68 |    30 ||   166
       Deflected         |       |       |     7 |     6 ||    13
Block: Shield            |    90 |    95 |   186 |   108 ||   479

Table legend:
 A = Non-vault XP
 B = Vault XP
 C = Vault XP percentage of total XP
 D = Non-vault monster count
 E = Vault monster count
 F = Vault count percentage of total count
                 A         B        C        D         E       F
            +---------+---------+-------+---------+---------+-------
      Total |    9249 |    3134 |  25.3 |     193 |      53 |  21.5
            +---------+---------+-------+---------+---------+-------
        D:1 |      68 |       7 |   9.3 |      31 |       4 |  11.4
        D:2 |      29 |      70 |  70.7 |       9 |      10 |  52.6
        D:3 |     319 |      20 |   5.9 |      23 |       4 |  14.8
        D:4 |     415 |       0 |   0.0 |      20 |       0 |   0.0
        D:5 |     397 |      51 |  11.4 |      10 |       7 |  41.2
        D:6 |     674 |       3 |   0.4 |      10 |       1 |   9.1
        D:7 |     655 |     412 |  38.6 |      18 |       1 |   5.3
        D:8 |     504 |       0 |   0.0 |       5 |       0 |   0.0
        D:9 |     874 |    2307 |  72.5 |      16 |       1 |   5.9
       D:10 |    3464 |     220 |   6.0 |      42 |       1 |   2.3
       D:11 |    1850 |       0 |   0.0 |       9 |       0 |   0.0
      Sewer |       0 |      44 | 100.0 |       0 |      24 | 100.0
            +---------+---------+-------+---------+---------+-------
